Map: Orbital Shipyard

Players

NightEnD

  • Race: Protoss Protoss
  • League: Grandmaster

FireCake - Winner!

  • Race: Zerg Zerg
  • League: Grandmaster

Event: Homestory Cup XII

VOD

https://youtu.be/IDJgVNovEc8

Description

Time

  • Played on: Dec. 17, 2015, 1:33 p.m.
  • Length: 14:27

All games in this series

Show
View Real Time Build Order
Export as new Build Order

NightEnD Protoss 

Build Orders: 1 Gate Expand, Phoenix Opening, Zealot Archon 

Get SALT Encoding   

  12  0:01  Probe (Chrono Boost)  
  13  0:11  Probe (Chrono Boost)  
  14  0:17  Pylon  
  14  0:22  Probe (Chrono Boost)  
  15  0:36  Probe (Chrono Boost)  
  15  0:39  Gateway  
  16  0:46  Probe (Chrono Boost)  
  17  0:56  Assimilator  
  18  0:57  Probe (Chrono Boost)  
  18  1:07  Probe (Chrono Boost)  
  19  1:18  Probe (Chrono Boost)  
  20  1:23  Nexus  
  20  1:28  Probe (Chrono Boost)  
  21  1:35  Cybernetics Core  
  21  1:39  Probe (Chrono Boost)  
  22  1:46  Pylon  
  22  1:49  Probe (Chrono Boost)  
  22  1:54  Assimilator  
  23  2:04  Probe (Chrono Boost)  
  24  2:14  Probe (Chrono Boost)  
  25  2:16  Adept  
  27  2:25  Probe (Chrono Boost), Warp Gate  
  28  2:35  Probe (Chrono Boost)  
  28  2:36  Probe (Chrono Boost)  
  30  2:40  Gateway  
  30  2:42  Stargate  
  30  2:46  Probe (Chrono Boost)  
  30  2:50  Probe (Chrono Boost)  
  32  2:53  Pylon  
  32  2:57  Probe (Chrono Boost)  
  33  3:01  Probe (Chrono Boost)  
  33  3:04  Adept  
  36  3:07  Probe (Chrono Boost)  
  36  3:12  Probe (Chrono Boost)  
  38  3:18  Probe (Chrono Boost)  
  39  3:22  Probe (Chrono Boost)  
  39  3:25  Phoenix  
  42  3:27  Zealot  
  42  3:29  Mothership Core (Chrono Boost)  
  42  3:33  Probe (Chrono Boost), Pylon  
  47  3:43  Probe (Chrono Boost)  
  47  3:47  Probe (Chrono Boost)  
  49  3:50  Gateway  
  49  3:53  Phoenix  
  49  3:54  Probe (Chrono Boost)  
  52  3:55  Pylon  
  52  3:58  Probe (Chrono Boost)  
  53  4:04  Probe (Chrono Boost)  
  53  4:09  Probe (Chrono Boost)  
  55  4:15  Probe (Chrono Boost), Forge  
  56  4:18  Phoenix  
  56  4:19  Twilight Council, Probe (Chrono Boost)  
  59  4:25  Probe (Chrono Boost)  
  59  4:26  Assimilator x2  
  59  4:30  Probe (Chrono Boost)  
  61  4:31  Pylon  
  61  4:36  Probe (Chrono Boost)  
  62  4:38  Zealot x2  
  62  4:40  Probe (Chrono Boost)  
  67  4:46  Probe (Chrono Boost)  
  67  4:51  Probe (Chrono Boost)  
  71  4:56  Protoss Ground Weapons Level 1  
  71  4:57  Probe (Chrono Boost), Zealot  
  74  5:01  Probe (Chrono Boost)  
  73  5:07  Probe (Chrono Boost)  
  73  5:11  Charge (Chrono Boost)  
  73  5:12  Probe  
  75  5:18  Phoenix  
  75  5:19  Probe  
  75  5:20  Nexus  
  78  5:22  Pylon  
  78  5:24  Pylon  
  78  5:26  Pylon  
  78  5:40  Probe x2, Robotics Facility  
  80  5:52  Probe x2  
  84  6:04  Probe x2  
  84  6:07  Gateway  
  84  6:08  Gateway  
  84  6:09  Zealot x3  
  84  6:10  Gateway  
  90  6:16  Gateway, Probe  
  90  6:18  Gateway  
  91  6:19  Probe, Gateway  
  91  6:23  Assimilator  
  92  6:28  Probe, Assimilator  
  92  6:31  Templar Archives, Probe  
  94  6:33  Pylon  
  94  6:39  Zealot x3  
  100  6:42  Observer (Chrono Boost), Protoss Ground Weapons Level 2  
  100  6:46  Blink (Chrono Boost)  
  103  7:01  Warp Prism (Chrono Boost)  
  103  7:03  Zealot x2  
  103  7:04  Zealot  
  109  7:14  Zealot x5  
  119  7:18  Zealot  
  121  7:24  Pylon  
  121  7:25  Pylon  
  121  7:29  Gateway  
  121  7:33  Gateway  
  121  7:37  High Templar x2  
  121  7:41  Pylon  
  121  7:43  Pylon, High Templar x2  
  121  7:44  High Templar x4  
  131  7:47  Archon x2  
  131  7:48  Archon  
  131  7:49  Archon  
  131  7:51  Zealot  
  139  8:17  Zealot x5  
  139  8:18  Zealot x3  
  155  8:23  Zealot  
  155  8:29  Pylon  
  155  8:30  Pylon  
  149  8:36  Robotics Facility  
  149  8:38  Robotics Bay  
  149  8:41  Pylon  
  145  8:46  Zealot x5  
  145  8:47  Zealot x3  
  145  8:48  Zealot x3  
  168  8:56  Observer (Chrono Boost)  
  139  9:11  Zealot  
  139  9:12  Zealot x7  
  139  9:13  Zealot x3  
  161  9:37  Zealot  
  161  9:38  Zealot x8  
  158  9:46  Disruptor (Chrono Boost), Warp Prism (Chrono Boost)  
  158  9:51  Protoss Ground Weapons Level 3  
  157  10:00  Zealot x2  
  157  10:01  Zealot x5  
  157  10:02  Zealot x4  
  179  10:22  Nexus  
  179  10:31  Pylon x2  
  179  10:33  Gravitic Drive  
  180  10:44  Observer x2 (Chrono Boost)  
  179  10:50  Zealot  
  179  10:51  Zealot x3  
  179  10:52  Zealot  
  179  10:53  Zealot  
  189  11:03  Disruptor x2 (Chrono Boost)  
  195  11:20  Zealot x2  
  195  11:21  Zealot x3  
  195  11:23  Photon Cannon  
  195  11:24  Photon Cannon x2  
  195  11:25  Photon Cannon  
  191  11:36  Zealot x4  
  191  11:37  Zealot x2  
  187  11:50  Zealot x3  
  187  11:51  Zealot x2  
  130  12:02  Zealot x4  
  130  12:03  Zealot x2  
  130  12:06  Stargate  
  138  12:10  Stargate  
  138  12:14  High Templar x2  
  138  12:15  High Templar x2  
  136  12:29  High Templar x3  
  136  12:30  High Templar x2  
  136  12:31  High Templar  
  142  12:43  Void Ray (Chrono Boost)  
  146  12:50  Zealot x4  
  146  12:51  Zealot  
  152  12:54  Void Ray (Chrono Boost)  
  152  12:55  Void Ray (Chrono Boost)  
  160  13:03  Zealot  
  160  13:04  Zealot x5  
  152  13:13  Archon  
  126  13:20  High Templar x2  
  126  13:21  High Templar x2  
  128  13:32  Archon x2  
  128  13:33  High Templar x3  
  130  13:35  Void Ray (Chrono Boost)  
  130  13:36  Void Ray x2 (Chrono Boost)  
  130  13:39  High Templar  
  134  13:43  Archon  
  134  13:45  Archon  
  121  13:50  High Templar x2  
  121  13:53  Zealot x2  
  121  13:54  Zealot x2  
  124  13:55  Archon  
  119  14:09  High Templar x4  
  127  14:13  Archon x2  
Show
View Real Time Build Order
Export as new Build Order

FireCake Zerg - Winner!

Build Orders: 3 Hatch before Pool, Lurkers 

Get SALT Encoding   

  12  0:00  Drone  
  13  0:07  Drone  
  14  0:16  Overlord  
  14  0:22  Drone, Extractor  
  15  0:35  Drone x2  
  17  0:44  Drone  
  18  0:55  Hatchery  
  18  0:56  Drone  
  18  1:05  Drone  
  19  1:20  Hatchery  
  19  1:21  Drone  
  19  1:30  Extractor  
  19  1:32  Drone  
  19  1:37  Drone  
  20  1:41  Spawning Pool  
  19  1:49  Drone  
  20  2:00  Drone  
  21  2:06  Drone  
  22  2:14  Drone  
  23  2:20  Drone  
  24  2:24  Drone  
  25  2:30  Queen  
  25  2:31  Queen x2  
  25  2:32  Metabolic Boost  
  25  2:34  Zergling x2  
  32  2:39  Overlord  
  32  2:42  Drone  
  32  2:43  Drone  
  34  2:51  Overlord  
  34  2:57  Drone x4  
  38  3:04  Overlord  
  38  3:05  Drone  
  38  3:06  Drone  
  40  3:17  Drone  
  40  3:18  Drone x2  
  43  3:20  Queen  
  45  3:29  Drone x3  
  48  3:41  Drone  
  48  3:42  Drone x9  
  48  3:48  Overlord x2  
  58  3:51  Lair  
  58  4:02  Extractor  
  58  4:03  Overlord  
  58  4:04  Drone, Extractor  
  58  4:08  Extractor  
  56  4:13  Roach Warren, Overlord  
  56  4:14  Drone x8  
  56  4:15  Drone  
  64  4:21  Zergling x4  
  64  4:22  Overlord  
  66  4:28  Drone  
  66  4:30  Overlord  
  66  4:31  Overlord  
  67  4:32  Drone  
  68  4:38  Spore Crawler  
  68  4:40  Spore Crawler x2  
  68  4:41  Drone x3  
  68  4:46  Drone x3  
  68  4:51  Drone x7  
  78  4:57  Hydralisk Den  
  76  5:02  Drone x3  
  76  5:03  Spire  
  78  5:10  Queen  
  78  5:12  Drone  
  78  5:13  Drone x2  
  83  5:22  Extractor  
  83  5:23  Extractor  
  83  5:24  Drone  
  83  5:25  Drone x2  
  83  5:26  Lurker Den  
  83  5:27  Hydralisk x5  
  93  5:40  Hydralisk x2  
  93  5:41  Overlord  
  93  5:42  Overlord x3  
  95  5:57  Drone x3  
  98  6:06  Drone x2  
  98  6:07  Evolution Chamber x2  
  98  6:09  Overseer  
  98  6:13  Hydralisk x2  
  98  6:14  Hydralisk x2  
  98  6:16  Zergling x8  
  110  6:18  Zerg Flyer Weapons Level 1  
  110  6:22  Hatchery  
  109  6:27  Hydralisk x4  
  109  6:28  Hydralisk x2  
  109  6:29  Zergling x8  
  125  6:39  Spore Crawler  
  124  6:50  Zerg Melee Weapons Level 1  
  124  6:51  Zerg Ground Armor Level 1  
  124  6:53  Overlord x7  
  124  7:03  Muscular Augments  
  124  7:08  Spore Crawler  
  124  7:09  Extractor  
  124  7:11  Spore Crawler, Extractor  
  124  7:13  Drone x3  
  124  7:15  Drone x2  
  124  7:16  Drone x4  
  124  7:17  Zergling x2  
  124  7:19  Lurker x4  
  124  7:20  Lurker  
  135  7:29  Lurker x2  
  136  7:32  Drone  
  136  7:33  Zergling x18  
  136  7:34  Zergling x4  
  148  7:43  Spore Crawler  
  147  7:45  Spore Crawler  
  146  7:52  Spore Crawler  
  146  7:58  Hydralisk x6  
  145  8:04  Infestation Pit  
  129  8:42  Drone x6  
  129  8:44  Hive  
  129  8:46  Zergling x2  
  129  8:47  Zergling x20  
  132  9:08  Hydralisk x5  
  132  9:09  Hydralisk x11  
  159  9:12  Queen  
  159  9:16  Spore Crawler  
  158  9:19  Spore Crawler  
  158  9:23  Spore Crawler x2  
  155  9:27  Zergling x16  
  155  9:30  Lurker  
  165  9:31  Lurker  
  165  9:34  Zerg Ground Armor Level 2, Zerg Melee Weapons Level 2  
  165  9:35  Overseer  
  161  9:47  Drone x11  
  167  9:58  Adrenal Glands  
  161  10:00  Greater Spire  
  161  10:11  Spine Crawler  
  161  10:12  Corruptor  
  161  10:13  Corruptor x4, Spine Crawler  
  169  10:17  Overlord  
  169  10:42  Queen x4  
  173  10:45  Overlord x2  
  173  10:46  Viper x4  
  173  10:48  Overseer  
  182  11:12  Brood Lord x3  
  187  11:24  Brood Lord x2  
  187  11:35  Spore Crawler  
  187  11:36  Spore Crawler x2  
  187  11:39  Hatchery  
  180  11:41  Corruptor x5  
  145  11:55  Zergling x8  
  145  11:56  Zergling x18  
  153  12:05  Ultralisk Cavern  
  153  12:06  Lurker x3  
  155  12:21  Brood Lord x2  
  158  12:26  Zergling x2  
  158  12:27  Zergling x20  
  169  12:32  Brood Lord  
  173  12:38  Brood Lord  
  173  12:43  Brood Lord  
  175  12:47  Zergling x2  
  175  12:48  Zergling x10  
  181  13:06  Chitinous Plating  
  179  13:16  Ultralisk  
  178  13:31  Drone x12  
  180  13:42  Drone x2  
  180  13:43  Drone x2  
Tags
 
Add a new tag
Caveats
  • Supply blocks, unpowered buildings, or Contaminate may cause inaccurate times.
  • Supply counts are checked every 10 seconds.